 Dungeon Crawl Stone Soup version 0.24.0-125-gc4c63601f3 (webtiles) character file.

Game seed: 16445116164823804341, levelgen mode: deterministic

424480 Peloso the Minotaur Barricade (level 22, 0/213 HPs)
             Began as a Minotaur Fighter on Mar 15, 2020.
             Was the Champion of Okawaru.
             Killed by the air
             ... invoked by a titan
              (24 damage)
             ... on level 5 of the Vaults.
             The game lasted 03:18:54 (56944 turns).

Peloso the Minotaur Barricade (Minotaur Fighter)   Turns: 56944, Time: 03:18:55

Health: 0/213      AC: 44    Str: 42    XL:     22   Next: 71%
Magic:  32/32      EV: 13    Int:  7    God:    Okawaru [******]
Gold:   5028       SH: 34    Dex: 21    Spells: 21/21 levels left

rFire    + + +     SeeInvis +   a - +9 Maxwell's thermic engine {flame, freeze}
rCold    + + .     Gourm    .   c - +0 large shield {AC+3}
rNeg     + + +     Faith    .   K - +3 crystal plate armour of Vanity {rF+ rC+ MR+}
rPois    +         Spirit   .   O - +2 hat of the Earth {*Slow Str+7 Dex+2}
rElec    +         Reflect  +   q - +1 cloak {rC+}
rCorr    .         Harm     .   B - +2 pair of gloves "Exuru" {rElec rC- Str+3 SInv}
MR       +....                  u - +2 pair of boots {run}
Stlth    ..........             F - amulet "Foemupry" {Reflect *Drain rN+++ Dex+4 SH+3}
HPRegen  0.45/turn              R - ring of Moydoqed {rPois rF++ Int+5 Slay+3}
MPRegen  0.23/turn              P - ring of Simehuty {rC+ MP+9 Str+6 Int-3}

@: vulnerable, marked, very slightly contaminated, hasted and slowed, quick
A: retaliatory headbutt, horns 2, screaming 1
}: 2/15 runes: barnacled, gossamer
a: Heroism, Finesse, Renounce Religion


You were on level 5 of the Vaults.
You worshipped Okawaru.
Okawaru was exalted by your worship.
You were hungry.

You visited 8 branches of the dungeon, and saw 40 of its levels.
You visited 1 bazaar.
You also visited: Sewer, Gauntlet and Ice Cave.

You collected 7279 gold pieces.
You spent 2251 gold pieces at shops.

Inventory:

Hand Weapons
 a - the +9 Maxwell's thermic engine (weapon) {flame, freeze}
   (You took it off a deep elf annihilator on level 3 of the Elven Halls)

   It has been specially enchanted to burn those struck by it, causing extra
   injury to most foes and up to half again as much damage against particularly
   susceptible opponents.
   Big, fiery blades are also staple armaments of hydra-hunters.
   It has been specially enchanted to freeze those struck by it, causing extra
   injury to most foes and up to half again as much damage against particularly
   susceptible opponents.
 b - the +2 falchion "Haboethu" {freeze, rF++}
   (Okawaru gifted it to you on level 13 of the Dungeon)

   It has been specially enchanted to freeze those struck by it, causing extra
   injury to most foes and up to half again as much damage against particularly
   susceptible opponents.
   It can also slow down cold-blooded creatures.
   It greatly protects you from fire.
Armour
 c - a +0 large shield of protection (worn)
 o - a +1 hat of magic resistance
 q - a +1 cloak of cold resistance (worn)
 u - a +2 pair of boots of running (worn)
 B - the +2 pair of gloves "Exuru" (worn) {rElec rC- Str+3 SInv}
   (You found it on level 2 of the Elven Halls)

   It affects your strength (+3).
   It makes you vulnerable to cold.
   It insulates you from electricity.
   It lets you see invisible.
 K - the +3 crystal plate armour of Vanity (worn) {rF+ rC+ MR+}
   (Okawaru gifted it to you on level 4 of the Vaults)

   It protects you from fire.
   It protects you from cold.
   It affects your resistance to hostile enchantments.
 O - the +2 hat of the Earth (worn) {*Slow Str+7 Dex+2}
   (Okawaru gifted it to you on level 3 of the Vaults)

   It affects your strength (+7).
   It affects your dexterity (+2).
   It may slow you when you take damage.
Jewellery
 e - an uncursed ring of protection from fire {unknown}
 g - an uncursed ring of flight
 n - an uncursed ring of fire
 z - the ring of Botof {rPois rC+ MR+}
   (You bought it in a shop on level 2 of the Orcish Mines)

   [ring of protection from magic]

   It protects you from cold.
   It protects you from poison.
   It affects your resistance to hostile enchantments.
 E - an uncursed ring of resist corrosion
 F - the amulet "Foemupry" (around neck) {Reflect *Drain rN+++ Dex+4 SH+3}
   (You found it on level 4 of the Vaults)

   [amulet of reflection]

   It shields you and reflects attacks.
   It affects your dexterity (+4).
   It renders you almost immune to negative energy.
   It causes draining when unequipped.
   It affects your SH (+3).
 P - the ring of Simehuty (right hand) {rC+ MP+9 Str+6 Int-3}
   (You found it on level 2 of the Spider Nest)

   [ring of magical power]

   It affects your strength (+6).
   It affects your intelligence (-3).
   It protects you from cold.
   It affects your magic capacity (+9).
 R - the ring of Moydoqed (left hand) {rPois rF++ Int+5 Slay+3}
   (You took it off a deep elf death mage on level 3 of the Elven Halls)

   [ring of intelligence]

   It affects your intelligence (+5).
   It affects your accuracy and damage with ranged weapons and melee attacks
   (+3).
   It greatly protects you from fire.
   It protects you from poison.
Wands
 r - a wand of iceblast (6)
 T - a wand of digging (7)
Scrolls
 i - a scroll of enchant armour
 k - 8 scrolls of identify
 v - a scroll of noise
 w - 3 scrolls of fear
 x - 13 scrolls of remove curse
 A - 4 scrolls of magic mapping
 D - 15 scrolls of teleportation
Potions
 d - 3 potions of might
 h - 4 potions of haste
 j - a potion of ambrosia
 l - 22 potions of curing
 m - 6 potions of heal wounds
 p - 5 potions of agility
 s - 7 potions of flight
 L - 7 potions of berserk rage
 M - 4 potions of mutation
Comestibles
 f - 57 rations
 t - 3 chunks of flesh


   Skills:
 + Level 21.5 Fighting
 + Level 22.8 Long Blades
 + Level 18.8 Armour
 + Level 6.4 Dodging
 + Level 2.1 Stealth
 O Level 27 Shields
 + Level 3.2 Invocations
 + Level 1.3 Evocations


You had 21 spell levels left.
You didn't know any spells.
Your spell library contained the following spells:

 Spells                   Type           Power        Failure   Level  Hunger
 Confusing Touch          Hex            #.....       95%         1    ##.....
 Corona                   Hex            #......      95%         1    ##.....
 Infusion                 Chrm           #...         95%         1    ##.....
 Sandblast                Erth           #.....       95%         1    ##.....
 Sting                    Conj/Pois      #...         95%         1    ##.....
 Summon Butterflies       Summ           #.......     95%         1    ##.....
 Corpse Rot               Necr           N/A          99%         2    ###....
 Poisonous Vapours        Pois/Air       #.....       99%         2    ###....
 Searing Ray              Conj           #.....       99%         2    ###....
 Shroud of Golubria       Chrm/Tloc      #.....       99%         2    ###....
 Slow                     Hex            #.......     99%         2    ###....
 Song of Slaying          Chrm           #.......     99%         2    ###....
 Sublimation of Blood     Necr           #.........   99%         2    ###....
 Confuse                  Hex            #.......     100%        3    ####...
 Conjure Flame            Conj/Fire      #.......     100%        3    ####...
 Gell's Gravitas          Tloc           #.........   100%        3    ####...
 Inner Flame              Hex/Fire       #.......     100%        3    ####...
 Mephitic Cloud           Conj/Pois/Air  #.......     100%        3    ####...
 Portal Projectile        Hex/Tloc       #.....       100%        3    ####...
 Recall                   Summ/Tloc      N/A          100%        3    ####...
 Regeneration             Chrm/Necr      #.........   100%        3    ####...
 Spectral Weapon          Hex/Chrm       #.......     100%        3    ####...
 Static Discharge         Conj/Air       #.......     100%        3    ####...
 Stone Arrow              Conj/Erth      #.....       100%        3    ####...
 Cause Fear               Hex            #.........   100%        4    #####..
 Leda's Liquefaction      Hex/Erth       #.........   100%        4    #####..
 Olgreb's Toxic Radiance  Pois           #.......     100%        4    #####..
 Petrify                  Tmut/Erth      #.......     100%        4    #####..
 Agony                    Necr           #.......     100%        5    ######.
 Aura of Abjuration       Summ           #.........   100%        5    ######.
 Blade Hands              Tmut           #.........   100%        5    ######.
 Bolt of Draining         Conj/Necr      #.........   100%        5    ######.
 Dispel Undead            Necr           #.......     100%        5    ######.
 Excruciating Wounds      Chrm/Necr      #.........   100%        5    ######.
 Fireball                 Conj/Fire      #.........   100%        5    ######.
 Iskenderun's Battlesphe  Conj/Chrm      #.......     100%        5    ######.
 Lee's Rapid Deconstruct  Erth           #.........   100%        5    ######.
 Lightning Bolt           Conj/Air       #.........   100%        5    ######.
 Metabolic Englaciation   Hex/Ice        #.........   100%        5    ######.
 Silence                  Hex/Air        #.........   100%        5    ######.
 Summon Demon             Summ           #.........   100%        5    ######.
 Summon Forest            Summ/Tloc      #.........   100%        5    ######.
 Summon Mana Viper        Hex/Summ       #.......     100%        5    ######.
 Venom Bolt               Conj/Pois      #.........   100%        5    ######.
 Yara's Violent Unravell  Hex/Tmut       #.........   100%        5    ######.
 Bolt of Fire             Conj/Fire      #.........   100%        6    #######
 Deflect Missiles         Chrm/Air       #.........   100%        6    #######
 Hydra Form               Tmut           #.........   100%        6    #######
 Iron Shot                Conj/Erth      #.........   100%        6    #######
 Shadow Creatures         Summ           N/A          100%        6    #######
 Ring of Flames           Chrm/Fire      #.........   100%        7    #######
 Spellforged Servitor     Conj/Summ      #.........   100%        7    #######
 Summon Hydra             Summ           #.........   100%        7    #######
 Discord                  Hex            #.........   100%        8    #######
 Ignition                 Fire           #.........   100%        8    #######
 Shatter                  Erth           #.........   100%        9    #######
 Tornado                  Air            #.........   100%        9    #######


Dungeon Overview and Level Annotations

Branches:
Dungeon (15/15)            Temple (1/1) D:7            Lair (6/6) D:8
 Shoals (4/4) Lair:4       Spider (4/4) Lair:4        Slime (0/5) Lair:6
    Orc (2/2) D:10            Elf (3/3) Orc:2        Vaults (5/5) D:13
  Crypt (0/3) Vaults:2     Depths (0/5) D:15          Sewer (visited)
  IceCv (visited)         Gauntlet (visited)

Altars:
Ashenzari
Cheibriados
Dithmenos
Elyvilon
Gozag
Hepliaklqana
Kikubaaqudgha
Makhleb
Nemelex Xobeh
Okawaru
Qazlal
Ru
Sif Muna
Trog
Uskayaw
Vehumet
Wu Jian
Xom
Yredelemnul
The Shining One

Shops:
D:4 [   D:8 :   D:9 *   D:12 !   D:15 ?   Orc:1 (   Orc:2 }*[=(   Elf:2 *
Shoals:1 :   Vaults:4 [**

Annotations:
Shoals:2 Heh's ghost, adept DsGl


Innate Abilities, Weirdness & Mutations

You reflexively headbutt those who attack you in melee.
You have a pair of horns on your head.
You occasionally shout uncontrollably at your foes.


Message History

You block the deep elf annihilator's attack.
The titan waves its arms in wide circles.
The air twists around and strikes you.
The titan is empowered by the deep elf high priest's aura!
The deep elf mage mumbles some strange words.
The large abomination hits you!
* * * LOW HITPOINT WARNING * * *
You block the stone giant's attack. The small abomination misses you.
You riposte.
You cut the small abomination into ribbons!!!
You burn the small abomination!!
You destroy the small abomination!
Okawaru accepts your kill.
You block the phantasmal warrior's attack.
You block the deep elf high priest's attack.
The deep elf annihilator points at you and mumbles some strange words.
The poison arrow misses you.
The titan waves its arms in wide circles.
The air twists around and strikes you!!
You die...

####........######
........[[........
......)<<.........
......<))<÷.......
......[<<[÷.......
####........#####################
.............c..ue)))..........(.
.#.#.#....#....eCeH())).........O
....(#....#..###@X#.#)#.#(#.#..##
##.#.#....#..#..Wx.C)k)..........
##...#....#..#..9..C(............
...#.#....#.....e.#c#.#(#.#.#....
##...#...^#...Y...#.....(...#....
##.#.#....#..#(.###...%.$...###..
#....#..... ...#####.... ..
#..#.. .../ /... ..... ..


You could see 2 titans, a green very ugly thing, a sphinx, a stone giant, a deep
elf annihilator, a war gargoyle, a lindwurm shaped shifter, 2 deep elf high
priests, a large abomination, a phantasmal warrior, 2 yaktaurs, a deep elf mage,
an ice beast, a +3 battleaxe of chopping and a crawling corpse.

Vanquished Creatures
  Mennas (Vaults:3)
  An ancient lich (Vaults:5)
  Bai Suzhen (Shoals:3)
  2 deep elf blademasters (Elf:3)
  2 Ice Fiends (IceCv)
  6 sphinxes
  A deep elf master archer (Elf:3)
  A kraken (Shoals:4)
  3 titans (Vaults:5)
  The ghost of Amplified the Brawler, an adept TrSk of Elyvilon (Elf:2)
  2 storm dragons (Vaults:5)
  7 tengu reavers
  The ghost of teukkam the Quickloader, an adept MiBe of Trog (Spider:3)
  A shadow dragon (Vaults:5)
  2 fire giants
  3 frost giants
  2 orc warlords
  18 vault wardens
  4 emperor scorpions
  2 ghost moths (Spider:4)
  7 deep elf sorcerers
  A ghoul (Vaults:2)
  4 deep elf elementalists
  14 ironheart preservers
  5 stone giants
  A war gargoyle (Vaults:1)
  An entropy weaver (Spider:1)
  A very ugly thing (Vaults:5)
  5 deep elf annihilators
  4 deep elf demonologists (Elf:3)
  A minotaur (Gauntlet)
  2 spark wasps (Spider:4)
  An eidolon (Vaults:2)
  Snorg (Orc:1)
  7 ettins
  6 merfolk javelineers
  10 merfolk impalers
  Josephine (D:11)
  6 deep elf death magi
  The ghost of Adamkad1 the Thrower, a journeyman TrHu of Trog (D:9)
  A fire dragon (Lair:6)
  Erolcha (D:10)
  9 yaktaur captains
  2 great orbs of eyes
  9 ogre magi
  Fannar (D:11)
  3 deep elf high priests
  43 vault guards
  5 ice dragons
  5 rakshasas
  Harold (D:9)
  7 hydras
  The ghost of Vuocosy the Slinger, a journeyman HaHu of Okawaru (D:10)
  32 two-headed ogres
  9 centaur warriors
  6 merfolk avatars
  The ghost of VPR the Cleaver, a novice HOFi of Makhleb (D:8)
  A catoblepas (D:6)
  25 dancing weapons
  2 death knights
  2 alligator snapping turtles (Shoals:4)
  2 merfolk aquamancers (Shoals:4)
  8 death scarabs (Spider:4)
  4 orc high priests (Orc:2)
  A deep troll earth mage (Vaults:4)
  A shock serpent (shapeshifter) (Vaults:5)
  A vampire mage (Vaults:2)
  25 deep elf knights
  Urug (Lair:4)
  Sonja (Lair:5)
  4 hell knights (Vaults:4)
  A shadow wraith (Vaults:1)
  A spectral emperor scorpion (Spider:4)
  10 sea snakes
  10 deep trolls
  14 skeletal warriors
  An unseen horror (D:8)
  2 glowing orange brains
  An obsidian statue (Elf:2)
  2 flayed ghosts
  A wizard (Vaults:2)
  14 deep elf archers
  An orange crystal statue (Vaults:2)
  2 kraken simulacra (Shoals:2)
  2 phantasmal warriors
  A lindwurm (Lair:6)
  11 ironbrand convokers
  3 spectral wolf spiders (Spider:4)
  14 harpies
  29 orb spiders
  12 orc knights
  67 deep elf magi
  A necromancer (Vaults:4)
  8 orc sorcerers
  24 wolf spiders
  6 fauns
  27 ugly things
  3 oklob plants
  6 cyclopes
  16 manticores
  An elephant (shapeshifter) (Vaults:1)
  Joseph (D:9)
  4 black mambas
  4 centaur zombies
  5 moths of wrath
  6 water nymphs
  10 merfolk sirens
  Psyche (D:11)
  5 molten gargoyles
  5 gargoyles
  6 spiny frogs
  14 vault sentinels
  2 ice statues (IceCv)
  2 torpor snails
  8 komodo dragons
  17 demonic crawlers
  A spiny frog (shapeshifter) (Vaults:4)
  A spectral redback (Spider:4)
  8 freezing wraiths
  A kobold demonologist (D:13)
  A rime drake (Lair:3)
  An efreet (D:13)
  35 yaktaurs
  2 redback zombies (Spider:4)
  12 ice devils (IceCv)
  A small abomination (Vaults:5)
  7 trolls
  7 meliai
  3 tengu conjurers
  34 jumping spiders
  27 merfolk
  A polar bear (Lair:6)
  Prince Ribbit (D:5)
  4 spectral tarantellas (Spider:4)
  7 spectral jumping spiders (Spider:4)
  A tengu simulacrum (Vaults:3)
  7 wind drakes
  2 polar bears (shapeshifter)
  A raiju (shapeshifter) (Vaults:4)
  A blink frog (shapeshifter) (Elf:1)
  A jumping spider zombie (Spider:4)
  10 hornets
  10 blink frogs
  A wind drake (shapeshifter) (Vaults:3)
  20 slime creatures
  10 snapping turtles
  10 hippogriffs
  A tarantella zombie (Spider:4)
  A meliai zombie (D:11)
  8 shadows
  61 redbacks
  3 fire elementals (Elf:1)
  5 water elementals
  37 yaks
  12 wraiths
  5 wyverns
  2 steam dragons
  31 tarantellas
  7 basilisks
  Grum (D:9)
  4 hungry ghosts
  3 vampire mosquitoes (D:13)
  A chaos spawn (Shoals:3)
  4 wargs
  3 acid dragons
  12 water moccasins
  5 hell hounds (Lair:6)
  2 black bears
  2 hornet zombies (Spider:4)
  A spectral hornet (Spider:4)
  5 porcupines
  4 sky beasts
  10 ice beasts
  3 phantoms
  An ogre (shapeshifter) (Elf:2)
  38 orc warriors
  An eye of draining (D:8)
  28 ogres
  An ettin simulacrum (Vaults:1)
  10 boggarts
  5 wolves
  14 centaurs
  16 crocodiles
  2 big kobolds
  Blork the orc (D:4)
  16 bullfrogs
  An earth elemental (Elf:3)
  4 wyvern skeletons
  3 scorpions
  13 killer bees
  7 wights
  A howler monkey (D:5)
  An electric eel (Elf:3)
  7 lava snakes
  A bullfrog zombie (D:11)
  5 crimson imps
  2 quasits
  12 hounds
  18 jellies
  8 centaur skeletons
  17 orc priests
  3 bullfrog skeletons (D:12)
  A water moccasin simulacrum (D:10)
  Terence (D:3)
  An iguana (D:4)
  27 orc wizards
  12 worker ants
  A centaur simulacrum (D:10)
  A hound zombie (D:10)
  2 hound skeletons
  2 worker ant zombies
  3 gnolls (D:11)
  17 adders
  6 river rats
  5 shadow imps
  12 white imps
  4 ufetubi (IceCv)
  8 oozes
  3 adder skeletons
  3 worms (D:2)
  2 dart slugs (D:1)
  9 leopard geckos
  105 orcs
  7 bats
  3 giant cockroaches
  10 goblins
  4 hobgoblins (D:1)
  13 jackals
  27 kobolds
  6 quokkas
  7 ball pythons
  5 frilled lizards
  A jackal zombie (D:6)
  4 leopard gecko skeletons
  22 rats
  A spectral orc (D:5)
  2 bushes (Lair:3)
  A fire vortex (D:12)
  3 fungi
  4 plants
  A tentacle (Shoals:4)
  2 withered plants (Gauntlet)
1780 creatures vanquished.

Vanquished Creatures (others)
  A deep elf master archer (Elf:3)
  A vault warden (Vaults:5)
  2 stone giants
  A yaktaur captain (Vaults:1)
  A satyr (Shoals:2)
  A centaur warrior (Vaults:2)
  3 deep elf knights
  A deep elf archer (Elf:2)
  4 deep elf magi
  A cyclops (Shoals:3)
  8 yaktaurs
  A jumping spider (Spider:1)
  A raiju (Gauntlet)
  A tarantella (Spider:4)
  4 centaurs
  2 boggarts (Vaults:1)
  A white imp (IceCv)
  3 ufetubi (IceCv)
  2 orcs (Orc:2)
  A bush (Lair:3)
  8 fungi
  5 plants
  25 tentacles
  4 withered plants (Gauntlet)
82 creatures vanquished.

Grand Total: 1862 creatures vanquished

Notes
Turn   | Place    | Note
-------+----------+-------------------------------------------
     0 | D:1      | Peloso the Minotaur Fighter began the quest for the Orb.
     0 | D:1      | Reached XP level 1. HP: 19/19 MP: 0/0
   171 | D:1      | Reached XP level 2. HP: 27/27 MP: 1/1
   550 | D:1      | Reached skill level 4 in Shields
   865 | D:2      | Reached XP level 3. HP: 29/33 MP: 2/2
   931 | D:2      | Found an ancient bone altar of Kikubaaqudgha.
  1165 | D:2      | Found a shattered altar of Ashenzari.
  1540 | D:3      | Reached XP level 4. HP: 39/40 MP: 3/3
  1590 | D:3      | Noticed Terence
  1598 | D:3      | Killed Terence
  1739 | D:3      | Found a glowing drain.
  1756 | Sewer    | Entered a sewer
  1843 | Sewer    | Reached XP level 5. HP: 43/46 MP: 4/4
  1879 | Sewer    | Reached skill level 5 in Shields
  1937 | Sewer    | Reached skill level 1 in Dodging
  1967 | Sewer    | Reached XP level 6. HP: 37/53 MP: 5/5
  1969 | Sewer    | Reached skill level 5 in Armour
  2315 | D:3      | Reached skill level 5 in Long Blades
  2589 | D:3      | Found a bloodstained altar of Trog.
  2589 | D:3      | Found a snail-covered altar of Cheibriados.
  2783 | D:4      | Noticed Blork the orc
  2792 | D:4      | Killed Blork the orc
  2819 | D:4      | Found Cewocofo's Armour Boutique.
  3043 | D:4      | Reached skill level 6 in Shields
  3043 | D:4      | Reached XP level 7. HP: 57/60 MP: 6/6
  3242 | D:5      | Entered Level 5 of the Dungeon
  3279 | D:5      | Noticed Prince Ribbit
  3323 | D:5      | Killed Prince Ribbit
  3323 | D:5      | Reached skill level 5 in Fighting
  3323 | D:5      | Reached skill level 7 in Shields
  3323 | D:5      | Reached XP level 8. HP: 37/68 MP: 7/7
  3594 | D:5      | Found a shadowy altar of Dithmenos.
  3808 | D:5      | Found a basalt altar of Yredelemnul.
  4048 | D:6      | Reached skill level 8 in Shields
  4425 | D:6      | Reached XP level 9. HP: 75/75 MP: 8/8
  4618 | D:6      | Noticed a catoblepas
  4642 | D:6      | Killed a catoblepas
  4908 | D:7      | Reached skill level 9 in Shields
  5018 | D:7      | Reached skill level 10 in Long Blades
  5174 | D:7      | Found a staircase to the Ecumenical Temple.
  5292 | Temple   | Entered the Ecumenical Temple
  5357 | Temple   | Became a worshipper of Warmaster Okawaru
  5869 | D:7      | Found a burning altar of Makhleb.
  5948 | D:8      | Reached * piety under Okawaru
  5948 | D:8      | Reached XP level 10. HP: 84/84 MP: 9/9
  5953 | D:8      | Found a large runed translucent door.
  5954 | D:8      | Found a large runed translucent door.
  6687 | D:8      | Found Zin Solyane's Book Boutique.
  6702 | D:8      | Killed an unseen horror
  6713 | D:8      | Noticed VPR's ghost (novice HOFi)
  6771 | D:8      | Reached skill level 10 in Shields
  6805 | D:8      | Reached ** piety under Okawaru
  6911 | D:8      | Found a white marble altar of Elyvilon.
  6945 | D:8      | Found an opulent altar of Gozag.
  7157 | D:8      | Found a staircase to the Lair.
  7389 | D:9      | Noticed Joseph
  7403 | D:9      | Killed Joseph
  7563 | D:9      | Noticed a red ugly thing
  7579 | D:9      | Killed a red ugly thing
  7579 | D:9      | Reached *** piety under Okawaru
  7579 | D:9      | Reached skill level 11 in Shields
  7597 | D:9      | Found Maoge's General Store.
  7605 | D:9      | Bought a scroll of identify for 22 gold pieces
  7605 | D:9      | Bought a scroll of identify for 22 gold pieces
  7829 | D:9      | Noticed Harold
  7840 | D:9      | Killed Harold
  7840 | D:9      | Reached XP level 11. HP: 86/93 MP: 10/10
  7878 | D:9      | Reached skill level 10 in Armour
  7950 | D:9      | Reached **** piety under Okawaru
  7982 | D:9      | Found a transporter.
  8093 | D:9      | Noticed Adamkad1's ghost (journeyman TrHu)
  8094 | D:9      | Noticed a two-headed ogre
  8094 | D:9      | Noticed a two-headed ogre
  8097 | D:9      | Found a transporter.
  8257 | D:9      | Noticed Grum
  8270 | D:9      | Killed Grum
  8477 | D:10     | Entered Level 10 of the Dungeon
  8568 | D:10     | Found a staircase to the Orcish Mines.
  8621 | D:10     | Noticed Erolcha
  8646 | D:10     | Killed Erolcha
  8646 | D:10     | Reached ***** piety under Okawaru
  8646 | D:10     | Reached skill level 12 in Shields
  8662 | D:10     | Found a runed translucent gate.
  8663 | D:10     | Found a runed translucent gate.
  8670 | D:10     | Found a runed translucent gate.
  8694 | D:10     | Noticed a two-headed ogre
  8706 | D:10     | Killed a two-headed ogre
  8746 | D:10     | Noticed a brown ugly thing
  8762 | D:10     | Killed a brown ugly thing
  8803 | D:10     | Noticed Vuocosy's ghost (journeyman HaHu)
  8854 | D:10     | Reached skill level 1 in Invocations
  8988 | D:10     | Found the +4 robe of Augmentation {Str+4 Int+4 Dex+4}
  9057 | D:11     | Noticed Psyche
  9067 | D:11     | Killed Psyche
  9080 | D:11     | Noticed a white ugly thing
  9094 | D:11     | Killed a white ugly thing
  9154 | D:11     | Noticed a two-headed ogre
  9154 | D:11     | Noticed Josephine
  9173 | D:11     | Killed a two-headed ogre
  9173 | D:11     | Received a gift from Okawaru
  9173 | D:11     | Reached skill level 1 in Stealth
  9182 | D:11     | Reached skill level 13 in Shields
  9228 | D:11     | Killed Josephine
  9228 | D:11     | Reached XP level 12. HP: 25/103 MP: 11/11
  9511 | D:11     | Noticed Fannar
  9528 | D:11     | Killed Fannar
  9622 | D:11     | Noticed a six-headed hydra
  9756 | D:11     | Killed an 11-headed hydra
 10369 | D:12     | Reached skill level 14 in Shields
 10769 | D:13     | Found a burning altar of Makhleb.
 11006 | D:12     | Noticed a rakshasa
 11006 | D:12     | Noticed a rakshasa
 11028 | D:12     | Killed a rakshasa
 11068 | D:12     | Killed a rakshasa
 11202 | D:12     | Found Okhlauvi's Distillery.
 11214 | D:12     | Reached skill level 10 in Fighting
 11226 | D:12     | Bought a potion of berserk rage for 65 gold pieces
 11226 | D:12     | Bought a potion of degeneration for 13 gold pieces
 11300 | D:12     | Found the +5 scythe "Finisher" {speed, eviscerate}
 11319 | D:12     | Received a gift from Okawaru
 11329 | D:12     | Got a warped great sword {god gift}
 12067 | Lair:1   | Entered Level 1 of the Lair of Beasts
 12260 | Lair:1   | Reached XP level 13. HP: 93/114 MP: 13/13
 12543 | Lair:1   | Got an encrusted flail
 12589 | Lair:1   | Got a fine chain mail
 12595 | Lair:1   | Identified the +1 chain mail "Forget-Me-Not" {rC+} (You
                  | found it on level 1 of the Lair of Beasts)
 13146 | Lair:1   | Identified the +6 flail "Beetlebane" {holy, rPois SInv}
                  | (You found it on level 1 of the Lair of Beasts)
 13576 | Lair:2   | Reached skill level 15 in Long Blades
 14254 | Lair:3   | Received a gift from Okawaru
 14284 | Lair:3   | Got a twisted ring mail {god gift}
 14295 | Lair:3   | Identified the +1 ring mail of the Nexus {MP+9 Int+5 Dex+2}
                  | (Okawaru gifted it to you on level 3 of the Lair of Beasts)
 14604 | Lair:3   | Found a shattered altar of Ashenzari.
 14616 | Lair:3   | Reached skill level 15 in Shields
 15306 | Lair:4   | Found a hole to the Spider Nest.
 15354 | Lair:4   | Noticed Urug
 15375 | Lair:4   | Killed Urug
 15673 | Lair:4   | Found a staircase to the Shoals.
 16996 | D:13     | Noticed a fire giant
 17009 | D:13     | Noticed a stone giant
 17111 | D:13     | Found a gate to the Vaults.
 17145 | D:13     | Received a gift from Okawaru
 17515 | D:13     | Reached skill level 16 in Shields
 17515 | D:13     | Reached XP level 14. HP: 126/126 MP: 12/14
 17554 | D:13     | Got an iridescent falchion {god gift}
 17555 | D:13     | Identified the +2 falchion "Haboethu" {freeze, rF++}
                  | (Okawaru gifted it to you on level 13 of the Dungeon)
 17901 | D:14     | Received a gift from Okawaru
 17913 | D:14     | Got an iridescent quick blade {god gift}
 17984 | D:14     | Reached skill level 5 in Dodging
 18438 | D:14     | Found a sacrificial altar of Ru.
 19162 | Orc:1    | Entered Level 1 of the Orcish Mines
 19229 | Orc:1    | Found Kown's Weapon Emporium.
 19560 | Orc:1    | Noticed Snorg
 19572 | Orc:1    | Killed Snorg
 19632 | Orc:2    | Entered Level 2 of the Orcish Mines
 19633 | Orc:2    | Found a staircase to the Elven Halls.
 20479 | Orc:2    | Reached ****** piety under Okawaru
 20651 | Orc:2    | Paralysed by an orc sorcerer for 3 turns
 20984 | Orc:2    | Noticed an orc warlord
 21327 | Orc:2    | Killed an orc warlord
 21327 | Orc:2    | Received a gift from Okawaru
 21327 | Orc:2    | Reached skill level 17 in Shields
 21336 | Orc:2    | HP: 2/129 [orc knight/+0 halberd (20)]
 21796 | Orc:2    | Identified a +2 pair of boots of running (Okawaru gifted it
                  | to you on level 2 of the Orcish Mines)
 21898 | Orc:2    | Found Hich's Antique Armour Shop.
 21899 | Orc:2    | Found Heurph's Antique Weapon Boutique.
 21900 | Orc:2    | Found Kuthroto's General Store.
 21900 | Orc:2    | Found Qofixku's Jewellery Shop.
 21916 | Orc:2    | Bought a steaming chain mail for 266 gold pieces
 21927 | Orc:2    | Identified the cursed +1 chain mail of Nydae {rF- rCorr
                  | Int+6 Stlth+} (You bought it in a shop on level 2 of the
                  | Orcish Mines)
 21935 | Orc:2    | Bought the ring of Botof {rPois rC+ MR+} for 518 gold
                  | pieces
 21935 | Orc:2    | Bought a cursed ring of attention for 54 gold pieces
 21940 | Orc:2    | Bought a +4 amulet of reflection for 324 gold pieces
 21949 | Orc:2    | Identified the +0 quick blade of Watchfulness {flame,
                  | Dex+2} (Okawaru gifted it to you on level 14 of the
                  | Dungeon)
 22038 | Orc:2    | Found Ludghuw's Gadget Shop.
 22623 | D:15     | Entered Level 15 of the Dungeon
 22691 | D:15     | Reached XP level 15. HP: 34/136 MP: 11/15
 23168 | D:15     | Found Asmabo's Magic Scroll Boutique.
 23698 | D:15     | Found a staircase to the Depths.
 23963 | D:8      | Killed VPR's ghost
 24499 | D:9      | Bought a scroll of acquirement for 572 gold pieces
 24789 | D:9      | Killed Adamkad1's ghost
 24915 | D:10     | Received a gift from Okawaru
 24957 | D:10     | Killed Vuocosy's ghost
 25195 | D:13     | HP: 5/138 [fire giant/+1 great sword of flaming (7)]
 25626 | D:13     | Killed a fire giant
 25771 | D:13     | Noticed a sphinx
 25772 | D:13     | Noticed an orc warlord
 25790 | D:13     | Killed a sphinx
 25790 | D:13     | Reached skill level 18 in Shields
 25799 | D:13     | Killed an orc warlord
 25831 | D:13     | Noticed a sphinx
 25845 | D:13     | Killed a sphinx
 25864 | D:13     | Got an ebony whip
 25873 | D:13     | Identified Elyqymizig's Catalogue of Calling and the Rocks
 25878 | D:13     | Got a steaming spear
 25901 | D:13     | Identified the +0 whip "Secret Weapon" {freeze, rC- MR-
                  | Str+4 Dex+8} (You found it on level 13 of the Dungeon)
 25902 | D:13     | Identified the cursed +1 spear "Telikh" {drain, rC+ SInv}
                  | (You found it on level 13 of the Dungeon)
 26309 | Lair:5   | Found a gate leading to a gauntlet.
 26321 | Gauntlet | Entered a Gauntlet
 26321 | Gauntlet | Found a transporter.
 26321 | Gauntlet | Found a transporter.
 26325 | Gauntlet | Found a transporter.
 26327 | Gauntlet | Found a transporter.
 26339 | Gauntlet | Found a transporter.
 26343 | Gauntlet | Found a transporter.
 26357 | Gauntlet | Found a transporter.
 26357 | Gauntlet | Found a transporter.
 26361 | Gauntlet | Found a transporter.
 26454 | Gauntlet | Found a transporter.
 26458 | Gauntlet | Found a transporter.
 26493 | Gauntlet | Found a transporter.
 27120 | Lair:5   | Noticed Sonja
 27149 | Lair:5   | Killed Sonja
 27446 | Lair:6   | Entered Level 6 of the Lair of Beasts
 27674 | Lair:6   | Reached skill level 15 in Fighting
 27693 | Lair:6   | Received a gift from Okawaru
 27705 | Lair:6   | Found a large runed translucent door.
 27706 | Lair:6   | Found a large runed translucent door.
 27790 | Lair:6   | Reached XP level 16. HP: 147/149 MP: 16/16
 28109 | Lair:6   | Found a staircase to the Slime Pits.
 28723 | Spider:1 | Entered Level 1 of the Spider Nest
 29383 | Spider:1 | Received a gift from Okawaru
 29699 | Spider:1 | Reached skill level 19 in Shields
 31317 | Spider:2 | Got a steaming lead ring
 31318 | Spider:2 | Identified the ring of Simehuty {rC+ MP+9 Str+6 Int-3} (You
                  | found it on level 2 of the Spider Nest)
 31961 | Spider:2 | Reached skill level 15 in Armour
 32054 | Spider:2 | Reached skill level 20 in Shields
 32442 | Shoals:1 | Entered Level 1 of the Shoals
 32476 | Shoals:1 | Received a gift from Okawaru
 32505 | Shoals:1 | Found Cymom's Book Shop.
 33234 | Shoals:1 | Reached XP level 17. HP: 140/158 MP: 18/18
 33529 | Shoals:2 | Found a runed translucent gate.
 33537 | Shoals:2 | Found a runed translucent gate.
 33537 | Shoals:2 | Noticed Heh's ghost (adept DsGl)
 33538 | Shoals:2 | Found a runed translucent gate.
 34739 | Shoals:2 | Got a heavily runed jade ring
 34770 | Shoals:2 | Identified the ring of Fotuenis {-Tele rPois rF+ Str+8
                  | Dex-2} (You found it on level 2 of the Shoals)
 34806 | Shoals:3 | Noticed Bai Suzhen
 34825 | Shoals:3 | Killed Bai Suzhen
 34825 | Shoals:3 | Received a gift from Okawaru
 34847 | Shoals:3 | Got a faintly glowing crystal plate armour {god gift}
 34866 | Shoals:3 | Identified the +4 crystal plate armour "Veimoxti" {rF-
                  | Str+4 Int+4} (Okawaru gifted it to you on level 3 of the
                  | Shoals)
 34872 | Shoals:3 | Found a transporter.
 35026 | Shoals:3 | Found a shimmering blue altar of Sif Muna.
 35144 | Shoals:3 | Reached skill level 21 in Shields
 35482 | Shoals:3 | Found a transporter.
 36091 | Shoals:3 | Got a vibrating copper amulet
 36109 | Shoals:3 | Identified the amulet of Hepliaklqana's Outrage {Acrobat
                  | +Inv} (You found it on level 3 of the Shoals)
 36132 | Shoals:3 | Gained mutation: You occasionally shout uncontrollably at
                  | your foes. [mutagenic glow]
 36683 | Shoals:3 | Got a scorched lead ring
 36690 | Shoals:3 | Got a brightly glowing amber ring
 36724 | Shoals:3 | Identified the ring "Koopa" {+Blink MR+} (You found it on
                  | level 3 of the Shoals)
 36726 | Shoals:3 | Identified the ring "Elavil" {+Fly rF+ Int+2} (You found it
                  | on level 3 of the Shoals)
 36768 | Shoals:4 | Entered Level 4 of the Shoals
 36781 | Shoals:4 | Reached skill level 1 in Evocations
 36825 | Shoals:4 | Found a frozen archway.
 36871 | IceCv    | Entered an ice cave
 37395 | IceCv    | Noticed an Ice Fiend
 37396 | IceCv    | Noticed an Ice Fiend
 37404 | IceCv    | Killed an Ice Fiend
 37410 | IceCv    | Killed an Ice Fiend
 37934 | Shoals:4 | Got a twisted glaive
 38211 | Shoals:4 | Noticed a kraken
 38222 | Shoals:4 | Killed a kraken
 39143 | Shoals:4 | Reached skill level 22 in Shields
 39753 | Shoals:4 | Received a gift from Okawaru
 39753 | Shoals:4 | Reached XP level 18. HP: 137/168 MP: 19/19
 39777 | Shoals:4 | Got a barnacled rune of Zot
 40628 | Spider:3 | Identified the +2 glaive "Vuonkoc" {flame, Int+2} (You
                  | found it on level 4 of the Shoals)
 41227 | Spider:3 | Found a runed translucent door.
 41227 | Spider:3 | Noticed teukkam's ghost (adept MiBe)
 41396 | Spider:3 | Killed teukkam's ghost
 41627 | Spider:4 | Entered Level 4 of the Spider Nest
 41664 | Spider:4 | Received a gift from Okawaru
 42711 | Spider:4 | Reached skill level 23 in Shields
 43158 | Spider:4 | Received a gift from Okawaru
 43552 | Spider:4 | Got a gossamer rune of Zot
 44023 | Elf:1    | Entered Level 1 of the Elven Halls
 44415 | Elf:1    | Received a gift from Okawaru
 44416 | Elf:1    | Found the +15 Maxwell's patent armour {-Cast -Tele rElec
                  | MR+ rCorr}
 44631 | Elf:1    | Reached XP level 19. HP: 177/177 MP: 20/20
 44797 | Elf:1    | Identified the Tome of Confrontation
 45154 | Elf:2    | Found a gateway to a bazaar.
 45164 | Bazaar   | Entered a bazaar
 45164 | Bazaar   | Found Uclellyfis's Distillery.
 45173 | Bazaar   | Found Gahoac's Antique Weapon Boutique.
 45180 | Bazaar   | Found Yssoutei's Armour Shoppe.
 45211 | Bazaar   | Found Zyekhej's Distillery.
 45234 | Bazaar   | Bought a potion of mutation for 88 gold pieces
 45247 | Bazaar   | Bought a potion of mutation for 64 gold pieces
 45259 | Bazaar   | Bought an ivory long sword for 212 gold pieces
 45260 | Bazaar   | Identified the cursed +1 long sword of an ice cave {speed,
                  | Str+3 Int+4} (You bought it in a shop in a bazaar)
 45345 | Elf:2    | Reached skill level 24 in Shields
 45608 | Elf:2    | Found a runed translucent gate.
 45608 | Elf:2    | Found a runed translucent gate.
 45610 | Elf:2    | Found a runed translucent gate.
 45610 | Elf:2    | Found an opulent altar of Gozag.
 45610 | Elf:2    | Found Asmeq's Assorted Antiques.
 45612 | Elf:2    | Noticed Amplified's ghost (adept TrSk)
 45703 | Elf:2    | Got a pair of distressingly furry gloves
 45714 | Elf:2    | Identified the +2 pair of gloves "Exuru" {rElec rC- Str+3
                  | SInv} (You found it on level 2 of the Elven Halls)
 46109 | Elf:2    | Killed Amplified's ghost
 46137 | Elf:2    | Bought a scroll labeled SERPHA RAEPIAS for 31 gold pieces
 46271 | Elf:3    | Entered Level 3 of the Elven Halls
 46408 | Elf:2    | Found a huge runed translucent gate.
 46408 | Elf:2    | Found a huge runed translucent gate.
 46408 | Elf:2    | Found a huge runed translucent gate.
 46409 | Elf:2    | Found a huge runed translucent gate.
 46411 | Elf:2    | Found a huge runed translucent gate.
 46566 | Elf:3    | Found a runed translucent door.
 46681 | Elf:3    | Received a gift from Okawaru
 46755 | Elf:3    | Got a warped long sword {god gift}
 46788 | Elf:3    | Identified the +7 long sword "Haofot" {slice, +Blink}
                  | (Okawaru gifted it to you on level 3 of the Elven Halls)
 47674 | Elf:3    | Identified the +6 battleaxe of Xom's Fury {protect, +Blink
                  | rElec Str+4 SInv}
 47674 | Elf:3    | Identified the ring of Moydoqed {rPois rF++ Int+5 Slay+3}
 47975 | Elf:3    | Found the +8 longbow "Zephyr" {speed, Dex+3 SInv}
 48023 | Elf:3    | Identified the Guide on Augmentations
 48025 | Elf:3    | Identified Further Progress in Witchcraft
 48050 | Elf:3    | Identified the +10 morningstar of a Thousand Songs {venom,
                  | MR+ Str+6} (You found it on level 3 of the Elven Halls)
 48129 | Elf:3    | Received a gift from Okawaru
 48129 | Elf:3    | Reached skill level 25 in Shields
 49277 | Elf:2    | Reached XP level 20. HP: 128/187 MP: 21/21
 50058 | Vaults:1 | Entered Level 1 of the Vaults
 50751 | Vaults:1 | Received a gift from Okawaru
 50929 | Vaults:1 | Found the +8 storm bow {elec, penet}
 51018 | Vaults:1 | Received a gift from Okawaru
 51026 | Vaults:1 | Got a pair of scorched gloves {god gift}
 51049 | Vaults:1 | Identified the +0 pair of gloves of Eseloh Fowk {Str-3
                  | Int+5} (Okawaru gifted it to you on level 1 of the Vaults)
 51454 | Vaults:2 | Reached skill level 26 in Shields
 52040 | Vaults:2 | Found a staircase to the Crypt.
 52135 | Vaults:2 | Reached XP level 21. HP: 198/198 MP: 22/22
 53064 | Vaults:3 | Noticed Mennas
 53088 | Vaults:3 | Killed Mennas
 53088 | Vaults:3 | Received a gift from Okawaru
 53091 | Vaults:3 | Got a transparent hat {god gift}
 53102 | Vaults:3 | Identified the +2 hat of the Earth {*Slow Str+7 Dex+2}
                  | (Okawaru gifted it to you on level 3 of the Vaults)
 53161 | Vaults:3 | You fall into a shaft and drop 1 floor!
 53194 | Vaults:4 | Paralysed by a sphinx for 7 turns
 53350 | Vaults:4 | Reached skill level 27 in Shields
 53998 | Vaults:4 | Found an opulent altar of Gozag.
 53999 | Vaults:4 | Found Gozag's Assorted Antiques.
 54003 | Vaults:4 | Found Gozag's Antique Armour Shoppe.
 54018 | Vaults:4 | Received a gift from Okawaru
 54025 | Vaults:4 | Found Gozag's Assorted Antiques.
 54028 | Vaults:4 | Got a dazzling crystal plate armour {god gift}
 54466 | Vaults:4 | Identified the +3 crystal plate armour of Vanity {rF+ rC+
                  | MR+} (Okawaru gifted it to you on level 4 of the Vaults)
 54592 | Vaults:4 | Got a sparkling diamond amulet
 54593 | Vaults:4 | Identified the amulet "Foemupry" {Reflect *Drain rN+++
                  | Dex+4 SH+3} (You found it on level 4 of the Vaults)
 56212 | Vaults:3 | Reached XP level 22. HP: 201/211 MP: 23/23
 56430 | Vaults:5 | Entered Level 5 of the Vaults
 56513 | Vaults:4 | Received a gift from Okawaru
 56516 | Vaults:4 | Got a translucent scale mail {god gift}
 56517 | Vaults:4 | Identified the +1 scale mail "Yfo Avo" {rElec} (Okawaru
                  | gifted it to you on level 4 of the Vaults)
 56837 | Vaults:5 | Noticed an ancient lich
 56848 | Vaults:5 | Killed an ancient lich
 56940 | Vaults:5 | Received a gift from Okawaru
 56944 | Vaults:5 | Killed from afar by a titan

Levels and vault maps discovered:
D:1:      onia_arrival_mini_spirals, layout_loops_corners
D:2:      layout_loops_cross, kiku_gazebo_pond_becter,
          nicolae_ashenzari_panopticon
D:3:      layout_rooms, gammafunk_temple_overflow_pools,
          cheibrodos_sewer_entry_sluice, uniq_terence
D:4:      layout_basic, serial_shops, shop, first_ration, uniq_blork_the_orc
D:5:      layout_layer_cave, grunt_dithmenos_smoke,
          yredelemnul_forgotten_temple_becter, uniq_prince_ribbit1
D:6:      layout_rooms, minmay_three_doors
D:7:      minmay_bubble_buster, layout_basic, lemuel_coloured_pillars_altar,
          temple_hall_moat
D:8:      layout_cave_pools, kennysheep_mini_moat, grunt_gozag_statues,
          lair_entry_dummy, serial_shops, kennysheep_mini,
          ebering_ghost_disaster_area
D:9:      layout_loops_ring, gammafunk_ghost_smash, serial_shops, shop,
          hangedman_little_slice_of_home, uniq_joseph, uniq_harold, uniq_grum
D:10:     layout_basic, david_orc_3, gammafunk_ghost_icy, uniq_erolcha
D:11:     layout_cave_pools, uniq_josephine, uniq_psyche, uniq_fannar
D:12:     erik_rubicon_a, layout_loops_ring, serial_shops, shop,
          minmay_guarded_unrand_finisher
D:13:     minmay_expanding_circles, layout_basic, erik_vaults_2, basic_altar
D:14:     layout_long_grid, nicolae_ru_awakened_eye
D:15:     grunt_enter_depths_snipers, layout_basic, serial_shops,
          nicolae_shop_stone
Temple:   oiseaux_autumnal_temple
Lair:1:   layout_cave_pods, infiniplex_staircase_pool, serial_bayou_shore_b
Lair:2:   layout_loops_ring, minmay_lindwurm_lava
Lair:3:   layout_cave_pods, basic_altar, serial_forest,
          infiniplex_forest_straight_1, infiniplex_forest_lined_ring,
          infiniplex_forest_lined_2, infiniplex_forest_straight_4,
          infiniplex_forest_lined_3_way, infiniplex_forest_end_3,
          infiniplex_forest_diagonal, minivault_11, minmay_lair_oklob_chamber,
          lemuel_fruit_tree
Lair:4:   layout_small_grid, elwin_shoals_entry_rocks,
          nicolae_spider_entry_orb_guardian, uniq_urug
Lair:5:   layout_roguey, gauntlet_entry_generic, serial_bayou_shore_b,
          uniq_sonja
Lair:6:   cheibrodos_lair_end_hotspot, layout_regular_city,
          minmay_slime_entry_jelly_boxes
Shoals:1: layout_shoals, serial_shops, shop
Shoals:2: layout_shoals, ebering_ghost_davey_jones
Shoals:3: gammafunk_its_a_trap, layout_shoals, lemuel_oklob_altar,
          uniq_bai_suzhen
Shoals:4: shoals_end_grunt_ice, layout_shoals, portal_ice_cave_entry_pillars_1
Spider:1: layout_spider_delve
Spider:2: layout_spider_delve
Spider:3: layout_chambers, ebering_ghost_inner_flame,
          nicolae_spider_webs_and_nodes
Spider:4: floodkiller_spider_rune_tomb
Orc:1:    layout_diamond_mine, serial_shops, shop, uniq_snorg
Orc:2:    st_orc_congregation, layout_diamond_mine, serial_shops,
          nicolae_shop_behind_doors
Elf:1:    eino_elf_arrival_customs, layout_loops_corners, minmay_elf_sorcery,
          small_statue_intersection, corexii_leaking_fountain, st_stairs_4,
          grunt_ministairs_5, palyth_stone_intersect
Elf:2:    layout_loops_corners, ebering_ghost_gozag, serial_shops, freezing_bzr,
          item_on_display_a
Elf:3:    elf_hall_gauntlet_wide, layout_geoelf_castle, minivault_13
Vaults:1: v_rooms_4, v_misc_31, v_misc_15, v_rooms_4, grunt_vaults_funnel,
          v_pattern_3, v_alt_pattern_3, hangedman_vaults_corner_blocks,
          hangedman_vaults_maws, minmay_guarded_unrand_secular_launcher,
          ontoclasm_vaults_shuriken, vaults_dpeg_ring, vaults_dpeg_cross,
          nicolae_vaults_hallways_thing, vaults_dpeg_encased_lava,
          layout_vaults_ring
Vaults:2: vaults_room_grunt_arrival_checkpoint, v_misc_25,
          nicolae_vaults_big_angled_halls, ontoclasm_vaults_tryst,
          nicolae_vaults_statue_guard, hangedman_vaults_stagger,
          minmay_crypt_entry_simple_sparse, ontoclasm_vaults_ligature,
          hangedman_vaults_trim, vaults_room_stairs_pillars,
          layout_vaults_chaotic_city
Vaults:3: v_misc_12, v_misc_29, vaults_room_octagon, hangedman_vaults_nails,
          vaults_standard_mumra_enter_the_diamond, st_diamondy,
          vaults_room_fancy_cross, hangedman_vaults_cutoff, v_rooms_2,
          vaults_mumra_chevron, layout_vaults_maze_bifur, uniq_mennas
Vaults:4: grunt_vaults_diagonal, kennysheep_vaults_gozag_temple,
          dpeg_vaults_monster_box, hangedman_vaults_nodes, v_misc_1, v_misc_5,
          v_misc_23, vaults_room_grid, vaults_room_boxed, v_misc_24,
          vaults_room_pools, v_misc_25, nicolae_vaults_asterisk,
          layout_vaults_big_cross
Vaults:5

Skill      XL: |  1  2  3  4  5  6  7  8  9 10 11 12 13 14 15 16 17 18 19 20 21 22 |
---------------+-------------------------------------------------------------------+-----
Armour         | 4 5 6 7 8 9 10 11 12 13 14 15 16 17 18 | 18.8
Fighting       | 4 5 6 7 8 10 12 13 15 16 17 18 19 20 21 | 21.5
Shields        | 4 5 6 7 8 9 11 13 14 16 17 18 20 22 23 25 26 27 | 27.0
Long Blades    | 3 4 5 7 8 10 12 13 14 15 16 17 18 19 20 21 22 | 22.8
Dodging        | 1 2 3 4 5 6 |  6.4
Invocations    | 1 2 3 |  3.2
Stealth        | 1 2 |  2.1
Evocations     | 1 |  1.3

Action                   |  1- 3 |  4- 6 |  7- 9 | 10-12 | 13-15 | 16-18 | 19-21 | 22-24 || total
-------------------------+-------+-------+-------+-------+-------+-------+-------+-------++-------
Melee: Long sword        |    70 |   180 |   252 |   839 |   331 |       |   123 |       ||  1795
       Headbutt          |    10 |    47 |    77 |   262 |   393 |   529 |   393 |    71 ||  1782
       Scimitar          |       |       |       |       |  1046 |  1861 |   258 |       ||  3165
       Double sword      |       |       |       |       |       |       |   844 |   202 ||  1046
Invok: Heroism           |       |       |       |    11 |    18 |     9 |     4 |       ||    42
       Finesse           |       |       |       |       |       |       |     1 |       ||     1
Evoke: Wand              |       |       |       |     1 |     3 |     8 |     1 |       ||    13
  Use: Scroll            |       |     5 |       |    18 |    11 |    14 |    11 |     2 ||    61
       Potion            |       |       |       |     5 |     2 |     8 |       |     2 ||    17
 Stab: Paralysed         |       |       |       |       |     1 |       |       |       ||     1
  Eat: Chunk             |     2 |     5 |    11 |    14 |    37 |    33 |    25 |     2 ||   129
       Ration            |       |       |       |     3 |     4 |     6 |     3 |       ||    16
Armor: Scale mail        |    33 |    14 |       |       |       |       |       |       ||    47
       Chain mail        |       |   107 |   137 |    93 |   307 |       |       |       ||   644
       Plate armour      |       |       |       |   224 |    78 |   409 |       |       ||   711
       Crystal plate arm |       |       |       |       |       |   638 |   318 |   123 ||  1079
Dodge: Dodged            |    18 |    75 |    71 |   177 |   326 |   557 |   174 |    82 ||  1480
       Deflected         |       |       |       |       |    26 |    19 |       |       ||    45
Block: Shield            |    37 |   176 |   133 |   207 |   850 |       |       |       ||  1403
       Large shield      |       |       |    81 |   501 |   108 |  2970 |  1521 |   405 ||  5586
       Reflection        |       |       |       |       |    26 |    61 |   146 |    28 ||   261
       Rpst.: Long sword |     6 |    24 |    20 |    49 |    17 |       |     1 |       ||   117
       Scimitar          |       |       |       |       |    48 |    91 |     6 |       ||   145
       Double sword      |       |       |       |       |       |       |    25 |    14 ||    39
